 Dungeon Crawl Stone Soup version 0.25-a0-700-g7f8a7979f0 (webtiles) character file.

Game seed: 12239124704812532537, levelgen mode: deterministic

470 kae the Ruffian (level 6, -17/47 HPs)
             Began as a Draconian Transmuter on Apr 2, 2020.
             Demolished by an ogre
             ... wielding a +0 giant spiked club
              (32 damage)
             ... on level 4 of the Dungeon.
             The game lasted 00:02:31 (3529 turns).

kae the Ruffian (Draconian Transmuter)              Turns: 3529, Time: 00:02:31

Health: -17/47     AC:  2    Str: 12    XL:     6   Next: 82%
Magic:  8/11       EV: 19    Int: 16    God:
Gold:   139        SH:  0    Dex: 16    Spells: 1/12 levels left

rFire    . . .     SeeInvis .     - Unarmed
rCold    . . .     Gourm    .   (shield currently unavailable)
rNeg     . . .     Faith    .   (armour unavailable)
rPois    x         Spirit   .   (helmet currently unavailable)
rElec    .         Reflect  .   (cloak currently unavailable)
rCorr    .         Harm     .   (gloves currently unavailable)
MR       .....                  (boots currently unavailable)
Stlth    +.........             (no amulet)
HPRegen  0.15/turn              (no ring)
MPRegen  0.12/turn              (no ring)

@: spider-form
A: tiny, unfitting armour, AC +6
a: End Transformation


You were on level 4 of the Dungeon.
You were not hungry.
You were a venomous arachnid creature.
You visited 1 branch of the dungeon, and saw 4 of its levels.

You collected 139 gold pieces.

Inventory:

Missiles
 a - 3 arrows
Armour
 b - a +1 pair of gloves (melded)
Wands
 o - a wand of clouds (6)
Scrolls
 d - 2 scrolls of identify
 h - a scroll of fear
Potions
 e - a potion of resistance
 f - a potion of cancellation
 g - a potion of stabbing
 l - 2 potions of magic
 m - a potion of berserk rage
 q - a potion of curing
Comestibles
 c - 4 rations
 i - 3 chunks of flesh


   Skills:
 - Level 1.1 Fighting
 - Level 1.7 Dodging
 * Level 5.9 Unarmed Combat
 + Level 3.7 Spellcasting
 + Level 4.0 Transmutations


You had one spell level left.
You knew the following spells:

 Your Spells              Type           Power        Failure   Level  Hunger
a - Beastly Appendage     Tmut           ###...       11%         1    None
b - Sticks to Snakes      Tmut           ###.....     14%         2    ##.....
c - Spider Form           Tmut/Pois      #.........   43%         3    ###....
d - Blade Hands           Tmut           ###.......   85%         5    ######.

Your spell library contained the following spells:

 Spells                   Type           Power        Failure   Level  Hunger
 Animate Skeleton         Necr           N/A          36%         1    None
 Apportation              Tloc           #.....       36%         1    None
 Corona                   Hex            #......      36%         1    None
 Summon Small Mammal      Summ           #...         36%         1    None
 Ice Form                 Ice/Tmut       #.......     78%         4    ####...


Dungeon Overview and Level Annotations

Branches:
Dungeon (4/15)
 Temple: D:4-7

Altars:
Ru

Annotations:
D:3 2 transporters
D:4 3 runed translucent doors


Innate Abilities, Weirdness & Mutations

((Your plain brown scales are hard. (AC +6)))
You cannot fit into any form of body armour.
((You are cold-blooded and may be slowed by cold attacks.))


Message History

a +0 club; an adder corpse; an orc corpse An ogre comes into view.
It is wielding a +0 giant spiked club.
The ogre shouts!
An ogre is nearby!
An ogre is nearby!
An ogre is nearby!
Casting: Spider Form (safe; 22% risk of failure)
Confirm with . or Enter, or press ? or * to list all spells.
You turn into a venomous arachnid creature.
Your +1 pair of gloves melds into your body.
You hit the ogre.
The ogre is poisoned.
The ogre is lightly wounded.
The ogre hits you with a +0 giant spiked club!!
You hit the ogre but do no damage.
The ogre is lightly wounded.
You bite the ogre!
The ogre looks as sick as possible!
The ogre is heavily wounded.
The ogre hits you with a +0 giant spiked club!!
Ouch! That really hurt!
You die...

##############.....###.# .
.............'.....'...)
..#########.....######.....###.#
........# #.....# #####.# #.#
........# #....†# #.# #.#
.......)###.....# #.###.#
........))......##########.....#
........###.....##<.........####
........# #####s##########..####
........# #O#.............#.
####...## #.#.#.######.####.
#... ... ........# #. #... .$.
#.......# #. #... ...##
#####...## #. ...# ###..###.
#..## ##....# ..##...#


You could see an ogre.

Vanquished Creatures
  Sigmund (D:3)
  A gnoll sergeant (D:4)
  A water moccasin skeleton (D:4)
  An iguana (D:4)
  A hound skeleton (D:4)
  3 gnolls (D:4)
  4 adders
  2 worms
  A dart slug (D:1)
  2 leopard geckos
  10 orcs
  4 bats
  4 giant cockroaches
  2 goblins
  5 hobgoblins
  3 jackals (D:2)
  3 quokkas
  A ball python (D:1)
  3 frilled lizards
  A jackal skeleton (D:4)
  2 kobolds (D:1)
  4 rats
59 creatures vanquished.

Vanquished Creatures (collateral kills)
  2 adders (D:3)
  A dart slug (D:3)
  A ball python (D:2)
4 creatures vanquished.

Grand Total: 63 creatures vanquished

Notes
Turn   | Place    | Note
-------+----------+-------------------------------------------
     0 | D:1      | kae the Draconian Transmuter began the quest for the Orb.
     0 | D:1      | Reached XP level 1. HP: 16/16 MP: 3/3
   187 | D:1      | Reached XP level 2. HP: 23/23 MP: 5/5
   191 | D:1      | Learned a level 2 spell: Sticks to Snakes
  1109 | D:2      | Reached XP level 3. HP: 22/28 MP: 3/6
  1915 | D:2      | Learned a level 3 spell: Spider Form
  1953 | D:3      | Found a transporter.
  1973 | D:3      | Found a faded altar of an unknown god.
  2156 | D:3      | Reached skill level 4 in Unarmed Combat
  2178 | D:3      | Reached XP level 4. HP: 12/35 MP: 0/7
  2485 | D:3      | Noticed Sigmund
  2499 | D:3      | Killed Sigmund
  2499 | D:3      | Reached skill level 5 in Unarmed Combat
  2499 | D:3      | Reached XP level 5. HP: 23/40 MP: 5/9
  2633 | D:3      | Found a sacrificial altar of Ru.
  2792 | D:3      | Reached XP level 6. HP: 47/47 MP: 8/10
  2834 | D:3      | Found a transporter.
  3012 | D:4      | Learned a level 5 spell: Blade Hands
  3043 | D:4      | Found a runed translucent gate.
  3043 | D:4      | Found a runed translucent gate.
  3043 | D:4      | Found a runed translucent gate.
  3529 | D:4      | Demolished by an ogre

Levels and vault maps discovered:
D:1:      dpeg_arrival_connections, layout_loops_corners
D:2:      layout_basic
D:3:      gammafunk_wand_slinger, layout_basic, nicolae_ru_the_path_less_chosen,
          chequers_ecumenical_altar_simple, uniq_sigmund
D:4:      layout_basic, gammafunk_ghost_icy, first_ration,
          kb_xom_exploding_sheep, uniq_menkaure

Skill      XL: |  1  2  3  4  5  6 |
---------------+-------------------+-----
Unarmed Combat | 4 5 |  5.9
Spellcasting   | 3 |  3.7
Transmutations | 3 4 |  4.0
Fighting       | |  1.1
Dodging        | |  1.7

Action                   |  1- 3 |  4- 6 || total
-------------------------+-------+-------++-------
Melee: Unarmed           |   134 |    96 ||   230
       Tailslap          |     8 |     3 ||    11
       Headbutt          |     3 |     3 ||     6
       Kick              |     9 |     4 ||    13
       Punch             |     1 |     1 ||     2
 Cast: Beastly Appendage |    13 |     7 ||    20
       Sticks to Snakes  |     7 |     2 ||     9
       Spider Form       |       |     7 ||     7
  Use: Scroll            |       |    11 ||    11
 Stab: Sleeping          |     1 |       ||     1
       Distracted        |       |     1 ||     1
  Eat: Chunk             |     4 |     6 ||    10
Armor: Skin              |    62 |    14 ||    76
Dodge: Dodged            |   140 |    65 ||   205

Table legend:
 A = Non-vault XP
 B = Vault XP
 C = Vault XP percentage of total XP
 D = Non-vault monster count
 E = Vault monster count
 F = Vault count percentage of total count
                 A         B        C        D         E       F
            +---------+---------+-------+---------+---------+-------
      Total |     426 |     246 |  36.6 |      62 |       1 |   1.6
            +---------+---------+-------+---------+---------+-------
        D:1 |      23 |       0 |   0.0 |      13 |       0 |   0.0
        D:2 |      37 |       0 |   0.0 |      13 |       0 |   0.0
        D:3 |      76 |     246 |  76.4 |      18 |       1 |   5.3
        D:4 |     290 |       0 |   0.0 |      18 |       0 |   0.0
            +---------+---------+-------+---------+---------+-------
